Workbook

Sheet Journal de caisse
A1: JOURNAL DE CAISSE
A3: Enregistrement chronologique des opérations — un mouvement par ligne
A5: Date | B5: N° pièce | C5: Libellé | D5: Catégorie | E5: Mode de règlement | F5: Encaissement (€) | G5: Décaissement (€) | H5: Montant net (€)
A6: 46391 | B6: PJ-2027-001 | C6: Ventes au comptoir (matin) | D6: Ventes au comptoir | E6: Espèces | F6: 145.5 | H6: =IF(AND(F6="",G6=""),"",N(F6)-N(G6)) -> 145.5
A7: 46391 | B7: PJ-2027-002 | C7: Vente article réglée en CB | D7: Ventes de marchandises | E7: Carte bancaire | F7: 89.9 | H7: =IF(AND(F7="",G7=""),"",N(F7)-N(G7)) -> 89.9
A8: 46391 | B8: PJ-2027-003 | C8: Prestation atelier | D8: Prestations de services | E8: Chèque | F8: 120 | H8: =IF(AND(F8="",G8=""),"",N(F8)-N(G8)) -> 120
A9: 46391 | B9: PJ-2027-004 | C9: Déjeuner client | D9: Ventes au comptoir | E9: Ticket restaurant | F9: 19.8 | H9: =IF(AND(F9="",G9=""),"",N(F9)-N(G9)) -> 19.8
A10: 46391 | B10: PJ-2027-005 | C10: Achat fournitures de bureau | D10: Achats fournitures | E10: Espèces | G10: 32.4 | H10: =IF(AND(F10="",G10=""),"",N(F10)-N(G10)) -> -32.4
A11: 46391 | B11: PJ-2027-006 | C11: Ventes au comptoir (après-midi) | D11: Ventes au comptoir | E11: Espèces | F11: 210 | H11: =IF(AND(F11="",G11=""),"",N(F11)-N(G11)) -> 210
A12: 46392 | B12: PJ-2027-007 | C12: Ventes au comptoir | D12: Ventes au comptoir | E12: Espèces | F12: 175.25 | H12: =IF(AND(F12="",G12=""),"",N(F12)-N(G12)) -> 175.25
A13: 46392 | B13: PJ-2027-008 | C13: Vente en ligne (retrait boutique) | D13: Ventes de marchandises | E13: Carte bancaire | F13: 245 | H13: =IF(AND(F13="",G13=""),"",N(F13)-N(G13)) -> 245
A14: 46392 | B14: PJ-2027-009 | C14: Acompte sur commande | D14: Acomptes clients | E14: Chèque | F14: 300 | H14: =IF(AND(F14="",G14=""),"",N(F14)-N(G14)) -> 300
A15: 46392 | B15: PJ-2027-010 | C15: Pourboires de l'équipe | D15: Pourboires | E15: Espèces | F15: 15 | H15: =IF(AND(F15="",G15=""),"",N(F15)-N(G15)) -> 15
A16: 46392 | B16: PJ-2027-011 | C16: Remboursement client | D16: Remboursement client | E16: Espèces | G16: 24.9 | H16: =IF(AND(F16="",G16=""),"",N(F16)-N(G16)) -> -24.9
A17: 46392 | B17: PJ-2027-012 | C17: Frais de port colis | D17: Frais de port | E17: Espèces | G17: 12.6 | H17: =IF(AND(F17="",G17=""),"",N(F17)-N(G17)) -> -12.6
A18: 46392 | B18: PJ-2027-013 | C18: Repas du midi | D18: Ventes au comptoir | E18: Ticket restaurant | F18: 25.4 | H18: =IF(AND(F18="",G18=""),"",N(F18)-N(G18)) -> 25.4
A19: 46393 | B19: PJ-2027-014 | C19: Ventes au comptoir (matin) | D19: Ventes au comptoir | E19: Espèces | F19: 132 | H19: =IF(AND(F19="",G19=""),"",N(F19)-N(G19)) -> 132
A20: 46393 | B20: PJ-2027-015 | C20: Vente réglée en CB | D20: Ventes de marchandises | E20: Carte bancaire | F20: 156.7 | H20: =IF(AND(F20="",G20=""),"",N(F20)-N(G20)) -> 156.7
A21: 46393 | B21: PJ-2027-016 | C21: Prestation de service | D21: Prestations de services | E21: Carte bancaire | F21: 95 | H21: =IF(AND(F21="",G21=""),"",N(F21)-N(G21)) -> 95
A22: 46393 | B22: PJ-2027-017 | C22: Petite dépense (café, eau) | D22: Petites dépenses | E22: Espèces | G22: 8.5 | H22: =IF(AND(F22="",G22=""),"",N(F22)-N(G22)) -> -8.5
A23: 46393 | B23: PJ-2027-018 | C23: Ventes au comptoir (après-midi) | D23: Ventes au comptoir | E23: Espèces | F23: 188.3 | H23: =IF(AND(F23="",G23=""),"",N(F23)-N(G23)) -> 188.3
A24: 46393 | B24: PJ-2027-019 | C24: Note de frais livraison | D24: Note de frais | E24: Espèces | G24: 40 | H24: =IF(AND(F24="",G24=""),"",N(F24)-N(G24)) -> -40
H25: =IF(AND(F25="",G25=""),"",N(F25)-N(G25))
H26: =IF(AND(F26="",G26=""),"",N(F26)-N(G26))
H27: =IF(AND(F27="",G27=""),"",N(F27)-N(G27))
H28: =IF(AND(F28="",G28=""),"",N(F28)-N(G28))
H29: =IF(AND(F29="",G29=""),"",N(F29)-N(G29))
H30: =IF(AND(F30="",G30=""),"",N(F30)-N(G30))
H31: =IF(AND(F31="",G31=""),"",N(F31)-N(G31))
H32: =IF(AND(F32="",G32=""),"",N(F32)-N(G32))
H33: =IF(AND(F33="",G33=""),"",N(F33)-N(G33))
H34: =IF(AND(F34="",G34=""),"",N(F34)-N(G34))
H35: =IF(AND(F35="",G35=""),"",N(F35)-N(G35))
H36: =IF(AND(F36="",G36=""),"",N(F36)-N(G36))
... H60: =IF(AND(F60="",G60=""),"",N(F60)-N(G60))
E61: TOTAUX | F61: =SUM(F6:F60) -> 1917.85 | G61: =SUM(G6:G60) -> 118.4 | H61: =SUM(H6:H60) -> 1799.45

Sheet Mode d'emploi
A1: CAISSE JOURNALIÈRE
A3: Suivi quotidien des encaissements, décaissements et clôtures de caisse — Édition 2027
B5: À quoi sert ce classeur ?
B6: Ce modèle permet de tenir la caisse au jour le jour : enregistrer chaque encaissement et décaissement, contrôler le fond de caisse, compter physiquement les espèces en fin de journée et justifier l'écart éventuel. Il convient aux commerces, restaurants, associations et TPE/PME. Excel calcule automatiquement les totaux, le solde théorique, l'écart et la synthèse.
B8: Ordre d'utilisation recommandé
B9: 1. Paramètres | C9: Vérifiez le fond de caisse par défaut, le seuil de tolérance d'écart et les listes (modes de règlement, catégories, caissiers).
B10: 2. Journal de caisse | C10: Saisissez chaque opération : date, libellé, catégorie, mode de règlement et montant en encaissement ou en décaissement.
B11: 3. Clôture journalière | C11: Pour chaque journée, comptez les espèces avec le bloc « Aide au comptage » et reportez le total dans « Espèces comptées » : l'écart et le statut s'affichent seuls.
B12: 4. Tableau de bord | C12: Consultez la synthèse : recettes, ventilation par mode de règlement, écarts cumulés et graphiques.
B14: Comprendre l'écart de caisse
B15: Solde théorique | C15: Fond de caisse initial + recettes en espèces − décaissements en espèces. C'est ce que la caisse devrait contenir.
B16: Espèces comptées | C16: Montant réellement présent dans le tiroir après comptage des billets et des pièces.
B17: Écart = comptées − théorique | C17: Positif = excédent, négatif = manquant. Dans la tolérance il est acceptable ; au-delà il doit être justifié.
B19: Repères de couleur
B20: Conforme | C20: Écart nul : la caisse est juste.
B21: Écart toléré | C21: Écart faible, dans la limite de tolérance.
B22: À justifier | C22: Écart supérieur à la tolérance : à contrôler et justifier.
B24: Astuce : seules les cellules blanches sont à remplir. Les colonnes grisées sont calculées automatiquement.

Sheet Paramètres
A1: PARAMÈTRES
A3: Réglages, listes de référence et dénominations — à adapter à votre activité
B4: PARAMÈTRES GÉNÉRAUX
B5: Fond de caisse par défaut (€) | C5: 150
B6: Seuil de tolérance d'écart (€) | C6: 2
B7: Seuil d'alerte de remise en banque (€) | C7: 500
B9: MODES DE RÈGLEMENT | E9: CATÉGORIES D'OPÉRATION | G9: CAISSIERS / RESPONSABLES | I9: DÉNOMINATIONS EN EUROS
B10: Mode de règlement | E10: Catégorie (recettes puis dépenses) | G10: Caissier | I10: Valeur | J10: Type
B11: Espèces | E11: Ventes de marchandises | G11: Camille Fontaine | I11: 500 | J11: Billet
B12: Carte bancaire | E12: Prestations de services | G12: Julien Mercier | I12: 200 | J12: Billet
B13: Chèque | E13: Ventes au comptoir | G13: Sophie Da Costa | I13: 100 | J13: Billet
B14: Ticket restaurant | E14: Acomptes clients | G14: Karim Benali | I14: 50 | J14: Billet
B15: Virement | E15: Pourboires | I15: 20 | J15: Billet
E16: Autres recettes | I16: 10 | J16: Billet
E17: Achats fournitures | I17: 5 | J17: Billet
E18: Petites dépenses | I18: 2 | J18: Pièce
E19: Frais de port | I19: 1 | J19: Pièce
E20: Remboursement client | I20: 0.5 | J20: Pièce
E21: Note de frais | I21: 0.2 | J21: Pièce
E22: Autres dépenses | I22: 0.1 | J22: Pièce
I23: 0.05 | J23: Pièce
I24: 0.02 | J24: Pièce
I25: 0.01 | J25: Pièce
B27: Ces listes alimentent les menus déroulants du journal et le bloc de comptage. Ajoutez ou modifiez les valeurs selon votre activité.

Sheet Clôture journalière
A1: CLÔTURE JOURNALIÈRE
A3: Contrôle de caisse par journée : solde théorique, comptage des espèces et écart
P4: AIDE AU COMPTAGE DES ESPÈCES
A6: Date | B6: Caissier | C6: Fond de caisse initial (€) | D6: Recettes espèces (€) | E6: Recettes CB (€) | F6: Recettes chèques (€) | G6: Recettes TR (€) | H6: Total encaissements (€) | I6: Décaissements espèces (€) | J6: Solde théorique espèces (€) | K6: Espèces comptées (€) | L6: Écart (€) | M6: Statut | N6: Remise en banque (€) | P6: Coupure | Q6: Quantité | R6: Total (€)
A7: 46391 | B7: Camille Fontaine | C7: 150 | D7: =IF($A7="","",SUMIFS('Journal de caisse'!$F$6:$F$60,'Journal de caisse'!$A$6:$A$60,$A7,'Journal de caisse'!$E$6:$E$60,"Espèces")) -> 355.5 | E7: =IF($A7="","",SUMIFS('Journal de caisse'!$F$6:$F$60,'Journal de caisse'!$A$6:$A$60,$A7,'Journal de caisse'!$E$6:$E$60,"Carte bancaire")) -> 89.9 | F7: =IF($A7="","",SUMIFS('Journal de caisse'!$F$6:$F$60,'Journal de caisse'!$A$6:$A$60,$A7,'Journal de caisse'!$E$6:$E$60,"Chèque")) -> 120 | G7: =IF($A7="","",SUMIFS('Journal de caisse'!$F$6:$F$60,'Journal de caisse'!$A$6:$A$60,$A7,'Journal de caisse'!$E$6:$E$60,"Ticket restaurant")) -> 19.8 | H7: =IF($A7="","",SUMIFS('Journal de caisse'!$F$6:$F$60,'Journal de caisse'!$A$6:$A$60,$A7)) -> 585.2 | I7: =IF($A7="","",SUMIFS('Journal de caisse'!$G$6:$G$60,'Journal de caisse'!$A$6:$A$60,$A7,'Journal de caisse'!$E$6:$E$60,"Espèces")) -> 32.4 | J7: =IF($A7="","",$C7+$D7-$I7) -> 473.1 | K7: 473.1 | L7: =IF(OR($A7="",$K7=""),"",$K7-$J7) -> 0 | M7: =IF($L7="","",IF($L7=0,"Conforme",IF(ABS($L7)<=Paramètres!$C$6,"Écart toléré","À justifier"))) -> Conforme | N7: 320 | P7: =Paramètres!$I$11 -> 500 | Q7: 0 | R7: =P7*Q7 -> 0
A8: 46392 | B8: Julien Mercier | C8: 150 | D8: =IF($A8="","",SUMIFS('Journal de caisse'!$F$6:$F$60,'Journal de caisse'!$A$6:$A$60,$A8,'Journal de caisse'!$E$6:$E$60,"Espèces")) -> 190.25 | E8: =IF($A8="","",SUMIFS('Journal de caisse'!$F$6:$F$60,'Journal de caisse'!$A$6:$A$60,$A8,'Journal de caisse'!$E$6:$E$60,"Carte bancaire")) -> 245 | F8: =IF($A8="","",SUMIFS('Journal de caisse'!$F$6:$F$60,'Journal de caisse'!$A$6:$A$60,$A8,'Journal de caisse'!$E$6:$E$60,"Chèque")) -> 300 | G8: =IF($A8="","",SUMIFS('Journal de caisse'!$F$6:$F$60,'Journal de caisse'!$A$6:$A$60,$A8,'Journal de caisse'!$E$6:$E$60,"Ticket restaurant")) -> 25.4 | H8: =IF($A8="","",SUMIFS('Journal de caisse'!$F$6:$F$60,'Journal de caisse'!$A$6:$A$60,$A8)) -> 760.65 | I8: =IF($A8="","",SUMIFS('Journal de caisse'!$G$6:$G$60,'Journal de caisse'!$A$6:$A$60,$A8,'Journal de caisse'!$E$6:$E$60,"Espèces")) -> 37.5 | J8: =IF($A8="","",$C8+$D8-$I8) -> 302.75 | K8: 302.25 | L8: =IF(OR($A8="",$K8=""),"",$K8-$J8) -> -0.5 | M8: =IF($L8="","",IF($L8=0,"Conforme",IF(ABS($L8)<=Paramètres!$C$6,"Écart toléré","À justifier"))) -> Écart toléré | N8: 150 | P8: =Paramètres!$I$12 -> 200 | Q8: 0 | R8: =P8*Q8 -> 0
A9: 46393 | B9: Sophie Da Costa | C9: 150 | D9: =IF($A9="","",SUMIFS('Journal de caisse'!$F$6:$F$60,'Journal de caisse'!$A$6:$A$60,$A9,'Journal de caisse'!$E$6:$E$60,"Espèces")) -> 320.3 | E9: =IF($A9="","",SUMIFS('Journal de caisse'!$F$6:$F$60,'Journal de caisse'!$A$6:$A$60,$A9,'Journal de caisse'!$E$6:$E$60,"Carte bancaire")) -> 251.7 | F9: =IF($A9="","",SUMIFS('Journal de caisse'!$F$6:$F$60,'Journal de caisse'!$A$6:$A$60,$A9,'Journal de caisse'!$E$6:$E$60,"Chèque")) -> 0 | G9: =IF($A9="","",SUMIFS('Journal de caisse'!$F$6:$F$60,'Journal de caisse'!$A$6:$A$60,$A9,'Journal de caisse'!$E$6:$E$60,"Ticket restaurant")) -> 0 | H9: =IF($A9="","",SUMIFS('Journal de caisse'!$F$6:$F$60,'Journal de caisse'!$A$6:$A$60,$A9)) -> 572 | I9: =IF($A9="","",SUMIFS('Journal de caisse'!$G$6:$G$60,'Journal de caisse'!$A$6:$A$60,$A9,'Journal de caisse'!$E$6:$E$60,"Espèces")) -> 48.5 | J9: =IF($A9="","",$C9+$D9-$I9) -> 421.8 | K9: 426.8 | L9: =IF(OR($A9="",$K9=""),"",$K9-$J9) -> 5 | M9: =IF($L9="","",IF($L9=0,"Conforme",IF(ABS($L9)<=Paramètres!$C$6,"Écart toléré","À justifier"))) -> À justifier | N9: 270 | P9: =Paramètres!$I$13 -> 100 | Q9: 1 | R9: =P9*Q9 -> 100
D10: =IF($A10="","",SUMIFS('Journal de caisse'!$F$6:$F$60,'Journal de caisse'!$A$6:$A$60,$A10,'Journal de caisse'!$E$6:$E$60,"Espèces")) | E10: =IF($A10="","",SUMIFS('Journal de caisse'!$F$6:$F$60,'Journal de caisse'!$A$6:$A$60,$A10,'Journal de caisse'!$E$6:$E$60,"Carte bancaire")) | F10: =IF($A10="","",SUMIFS('Journal de caisse'!$F$6:$F$60,'Journal de caisse'!$A$6:$A$60,$A10,'Journal de caisse'!$E$6:$E$60,"Chèque")) | G10: =IF($A10="","",SUMIFS('Journal de caisse'!$F$6:$F$60,'Journal de caisse'!$A$6:$A$60,$A10,'Journal de caisse'!$E$6:$E$60,"Ticket restaurant")) | H10: =IF($A10="","",SUMIFS('Journal de caisse'!$F$6:$F$60,'Journal de caisse'!$A$6:$A$60,$A10)) | I10: =IF($A10="","",SUMIFS('Journal de caisse'!$G$6:$G$60,'Journal de caisse'!$A$6:$A$60,$A10,'Journal de caisse'!$E$6:$E$60,"Espèces")) | J10: =IF($A10="","",$C10+$D10-$I10) | L10: =IF(OR($A10="",$K10=""),"",$K10-$J10) | M10: =IF($L10="","",IF($L10=0,"Conforme",IF(ABS($L10)<=Paramètres!$C$6,"Écart toléré","À justifier"))) | P10: =Paramètres!$I$14 -> 50 | Q10: 3 | R10: =P10*Q10 -> 150
D11: =IF($A11="","",SUMIFS('Journal de caisse'!$F$6:$F$60,'Journal de caisse'!$A$6:$A$60,$A11,'Journal de caisse'!$E$6:$E$60,"Espèces")) | E11: =IF($A11="","",SUMIFS('Journal de caisse'!$F$6:$F$60,'Journal de caisse'!$A$6:$A$60,$A11,'Journal de caisse'!$E$6:$E$60,"Carte bancaire")) | F11: =IF($A11="","",SUMIFS('Journal de caisse'!$F$6:$F$60,'Journal de caisse'!$A$6:$A$60,$A11,'Journal de caisse'!$E$6:$E$60,"Chèque")) | G11: =IF($A11="","",SUMIFS('Journal de caisse'!$F$6:$F$60,'Journal de caisse'!$A$6:$A$60,$A11,'Journal de caisse'!$E$6:$E$60,"Ticket restaurant")) | H11: =IF($A11="","",SUMIFS('Journal de caisse'!$F$6:$F$60,'Journal de caisse'!$A$6:$A$60,$A11)) | I11: =IF($A11="","",SUMIFS('Journal de caisse'!$G$6:$G$60,'Journal de caisse'!$A$6:$A$60,$A11,'Journal de caisse'!$E$6:$E$60,"Espèces")) | J11: =IF($A11="","",$C11+$D11-$I11) | L11: =IF(OR($A11="",$K11=""),"",$K11-$J11) | M11: =IF($L11="","",IF($L11=0,"Conforme",IF(ABS($L11)<=Paramètres!$C$6,"Écart toléré","À justifier"))) | P11: =Paramètres!$I$15 -> 20 | Q11: 6 | R11: =P11*Q11 -> 120
D12: =IF($A12="","",SUMIFS('Journal de caisse'!$F$6:$F$60,'Journal de caisse'!$A$6:$A$60,$A12,'Journal de caisse'!$E$6:$E$60,"Espèces")) | E12: =IF($A12="","",SUMIFS('Journal de caisse'!$F$6:$F$60,'Journal de caisse'!$A$6:$A$60,$A12,'Journal de caisse'!$E$6:$E$60,"Carte bancaire")) | F12: =IF($A12="","",SUMIFS('Journal de caisse'!$F$6:$F$60,'Journal de caisse'!$A$6:$A$60,$A12,'Journal de caisse'!$E$6:$E$60,"Chèque")) | G12: =IF($A12="","",SUMIFS('Journal de caisse'!$F$6:$F$60,'Journal de caisse'!$A$6:$A$60,$A12,'Journal de caisse'!$E$6:$E$60,"Ticket restaurant")) | H12: =IF($A12="","",SUMIFS('Journal de caisse'!$F$6:$F$60,'Journal de caisse'!$A$6:$A$60,$A12)) | I12: =IF($A12="","",SUMIFS('Journal de caisse'!$G$6:$G$60,'Journal de caisse'!$A$6:$A$60,$A12,'Journal de caisse'!$E$6:$E$60,"Espèces")) | J12: =IF($A12="","",$C12+$D12-$I12) | L12: =IF(OR($A12="",$K12=""),"",$K12-$J12) | M12: =IF($L12="","",IF($L12=0,"Conforme",IF(ABS($L12)<=Paramètres!$C$6,"Écart toléré","À justifier"))) | P12: =Paramètres!$I$16 -> 10 | Q12: 4 | R12: =P12*Q12 -> 40
D13: =IF($A13="","",SUMIFS('Journal de caisse'!$F$6:$F$60,'Journal de caisse'!$A$6:$A$60,$A13,'Journal de caisse'!$E$6:$E$60,"Espèces")) | E13: =IF($A13="","",SUMIFS('Journal de caisse'!$F$6:$F$60,'Journal de caisse'!$A$6:$A$60,$A13,'Journal de caisse'!$E$6:$E$60,"Carte bancaire")) | F13: =IF($A13="","",SUMIFS('Journal de caisse'!$F$6:$F$60,'Journal de caisse'!$A$6:$A$60,$A13,'Journal de caisse'!$E$6:$E$60,"Chèque")) | G13: =IF($A13="","",SUMIFS('Journal de caisse'!$F$6:$F$60,'Journal de caisse'!$A$6:$A$60,$A13,'Journal de caisse'!$E$6:$E$60,"Ticket restaurant")) | H13: =IF($A13="","",SUMIFS('Journal de caisse'!$F$6:$F$60,'Journal de caisse'!$A$6:$A$60,$A13)) | I13: =IF($A13="","",SUMIFS('Journal de caisse'!$G$6:$G$60,'Journal de caisse'!$A$6:$A$60,$A13,'Journal de caisse'!$E$6:$E$60,"Espèces")) | J13: =IF($A13="","",$C13+$D13-$I13) | L13: =IF(OR($A13="",$K13=""),"",$K13-$J13) | M13: =IF($L13="","",IF($L13=0,"Conforme",IF(ABS($L13)<=Paramètres!$C$6,"Écart toléré","À justifier"))) | P13: =Paramètres!$I$17 -> 5 | Q13: 2 | R13: =P13*Q13 -> 10
D14: =IF($A14="","",SUMIFS('Journal de caisse'!$F$6:$F$60,'Journal de caisse'!$A$6:$A$60,$A14,'Journal de caisse'!$E$6:$E$60,"Espèces")) | E14: =IF($A14="","",SUMIFS('Journal de caisse'!$F$6:$F$60,'Journal de caisse'!$A$6:$A$60,$A14,'Journal de caisse'!$E$6:$E$60,"Carte bancaire")) | F14: =IF($A14="","",SUMIFS('Journal de caisse'!$F$6:$F$60,'Journal de caisse'!$A$6:$A$60,$A14,'Journal de caisse'!$E$6:$E$60,"Chèque")) | G14: =IF($A14="","",SUMIFS('Journal de caisse'!$F$6:$F$60,'Journal de caisse'!$A$6:$A$60,$A14,'Journal de caisse'!$E$6:$E$60,"Ticket restaurant")) | H14: =IF($A14="","",SUMIFS('Journal de caisse'!$F$6:$F$60,'Journal de caisse'!$A$6:$A$60,$A14)) | I14: =IF($A14="","",SUMIFS('Journal de caisse'!$G$6:$G$60,'Journal de caisse'!$A$6:$A$60,$A14,'Journal de caisse'!$E$6:$E$60,"Espèces")) | J14: =IF($A14="","",$C14+$D14-$I14) | L14: =IF(OR($A14="",$K14=""),"",$K14-$J14) | M14: =IF($L14="","",IF($L14=0,"Conforme",IF(ABS($L14)<=Paramètres!$C$6,"Écart toléré","À justifier"))) | P14: =Paramètres!$I$18 -> 2 | Q14: 3 | R14: =P14*Q14 -> 6
D15: =IF($A15="","",SUMIFS('Journal de caisse'!$F$6:$F$60,'Journal de caisse'!$A$6:$A$60,$A15,'Journal de caisse'!$E$6:$E$60,"Espèces")) | E15: =IF($A15="","",SUMIFS('Journal de caisse'!$F$6:$F$60,'Journal de caisse'!$A$6:$A$60,$A15,'Journal de caisse'!$E$6:$E$60,"Carte bancaire")) | F15: =IF($A15="","",SUMIFS('Journal de caisse'!$F$6:$F$60,'Journal de caisse'!$A$6:$A$60,$A15,'Journal de caisse'!$E$6:$E$60,"Chèque")) | G15: =IF($A15="","",SUMIFS('Journal de caisse'!$F$6:$F$60,'Journal de caisse'!$A$6:$A$60,$A15,'Journal de caisse'!$E$6:$E$60,"Ticket restaurant")) | H15: =IF($A15="","",SUMIFS('Journal de caisse'!$F$6:$F$60,'Journal de caisse'!$A$6:$A$60,$A15)) | I15: =IF($A15="","",SUMIFS('Journal de caisse'!$G$6:$G$60,'Journal de caisse'!$A$6:$A$60,$A15,'Journal de caisse'!$E$6:$E$60,"Espèces")) | J15: =IF($A15="","",$C15+$D15-$I15) | L15: =IF(OR($A15="",$K15=""),"",$K15-$J15) | M15: =IF($L15="","",IF($L15=0,"Conforme",IF(ABS($L15)<=Paramètres!$C$6,"Écart toléré","À justifier"))) | P15: =Paramètres!$I$19 -> 1 | Q15: 0 | R15: =P15*Q15 -> 0
D16: =IF($A16="","",SUMIFS('Journal de caisse'!$F$6:$F$60,'Journal de caisse'!$A$6:$A$60,$A16,'Journal de caisse'!$E$6:$E$60,"Espèces")) | E16: =IF($A16="","",SUMIFS('Journal de caisse'!$F$6:$F$60,'Journal de caisse'!$A$6:$A$60,$A16,'Journal de caisse'!$E$6:$E$60,"Carte bancaire")) | F16: =IF($A16="","",SUMIFS('Journal de caisse'!$F$6:$F$60,'Journal de caisse'!$A$6:$A$60,$A16,'Journal de caisse'!$E$6:$E$60,"Chèque")) | G16: =IF($A16="","",SUMIFS('Journal de caisse'!$F$6:$F$60,'Journal de caisse'!$A$6:$A$60,$A16,'Journal de caisse'!$E$6:$E$60,"Ticket restaurant")) | H16: =IF($A16="","",SUMIFS('Journal de caisse'!$F$6:$F$60,'Journal de caisse'!$A$6:$A$60,$A16)) | I16: =IF($A16="","",SUMIFS('Journal de caisse'!$G$6:$G$60,'Journal de caisse'!$A$6:$A$60,$A16,'Journal de caisse'!$E$6:$E$60,"Espèces")) | J16: =IF($A16="","",$C16+$D16-$I16) | L16: =IF(OR($A16="",$K16=""),"",$K16-$J16) | M16: =IF($L16="","",IF($L16=0,"Conforme",IF(ABS($L16)<=Paramètres!$C$6,"Écart toléré","À justifier"))) | P16: =Paramètres!$I$20 -> 0.5 | Q16: 1 | R16: =P16*Q16 -> 0.5
D17: =IF($A17="","",SUMIFS('Journal de caisse'!$F$6:$F$60,'Journal de caisse'!$A$6:$A$60,$A17,'Journal de caisse'!$E$6:$E$60,"Espèces")) | E17: =IF($A17="","",SUMIFS('Journal de caisse'!$F$6:$F$60,'Journal de caisse'!$A$6:$A$60,$A17,'Journal de caisse'!$E$6:$E$60,"Carte bancaire")) | F17: =IF($A17="","",SUMIFS('Journal de caisse'!$F$6:$F$60,'Journal de caisse'!$A$6:$A$60,$A17,'Journal de caisse'!$E$6:$E$60,"Chèque")) | G17: =IF($A17="","",SUMIFS('Journal de caisse'!$F$6:$F$60,'Journal de caisse'!$A$6:$A$60,$A17,'Journal de caisse'!$E$6:$E$60,"Ticket restaurant")) | H17: =IF($A17="","",SUMIFS('Journal de caisse'!$F$6:$F$60,'Journal de caisse'!$A$6:$A$60,$A17)) | I17: =IF($A17="","",SUMIFS('Journal de caisse'!$G$6:$G$60,'Journal de caisse'!$A$6:$A$60,$A17,'Journal de caisse'!$E$6:$E$60,"Espèces")) | J17: =IF($A17="","",$C17+$D17-$I17) | L17: =IF(OR($A17="",$K17=""),"",$K17-$J17) | M17: =IF($L17="","",IF($L17=0,"Conforme",IF(ABS($L17)<=Paramètres!$C$6,"Écart toléré","À justifier"))) | P17: =Paramètres!$I$21 -> 0.2 | Q17: 1 | R17: =P17*Q17 -> 0.2
D18: =IF($A18="","",SUMIFS('Journal de caisse'!$F$6:$F$60,'Journal de caisse'!$A$6:$A$60,$A18,'Journal de caisse'!$E$6:$E$60,"Espèces")) | E18: =IF($A18="","",SUMIFS('Journal de caisse'!$F$6:$F$60,'Journal de caisse'!$A$6:$A$60,$A18,'Journal de caisse'!$E$6:$E$60,"Carte bancaire")) | F18: =IF($A18="","",SUMIFS('Journal de caisse'!$F$6:$F$60,'Journal de caisse'!$A$6:$A$60,$A18,'Journal de caisse'!$E$6:$E$60,"Chèque")) | G18: =IF($A18="","",SUMIFS('Journal de caisse'!$F$6:$F$60,'Journal de caisse'!$A$6:$A$60,$A18,'Journal de caisse'!$E$6:$E$60,"Ticket restaurant")) | H18: =IF($A18="","",SUMIFS('Journal de caisse'!$F$6:$F$60,'Journal de caisse'!$A$6:$A$60,$A18)) | I18: =IF($A18="","",SUMIFS('Journal de caisse'!$G$6:$G$60,'Journal de caisse'!$A$6:$A$60,$A18,'Journal de caisse'!$E$6:$E$60,"Espèces")) | J18: =IF($A18="","",$C18+$D18-$I18) | L18: =IF(OR($A18="",$K18=""),"",$K18-$J18) | M18: =IF($L18="","",IF($L18=0,"Conforme",IF(ABS($L18)<=Paramètres!$C$6,"Écart toléré","À justifier"))) | P18: =Paramètres!$I$22 -> 0.1 | Q18: 1 | R18: =P18*Q18 -> 0.1
D19: =IF($A19="","",SUMIFS('Journal de caisse'!$F$6:$F$60,'Journal de caisse'!$A$6:$A$60,$A19,'Journal de caisse'!$E$6:$E$60,"Espèces")) | E19: =IF($A19="","",SUMIFS('Journal de caisse'!$F$6:$F$60,'Journal de caisse'!$A$6:$A$60,$A19,'Journal de caisse'!$E$6:$E$60,"Carte bancaire")) | F19: =IF($A19="","",SUMIFS('Journal de caisse'!$F$6:$F$60,'Journal de caisse'!$A$6:$A$60,$A19,'Journal de caisse'!$E$6:$E$60,"Chèque")) | G19: =IF($A19="","",SUMIFS('Journal de caisse'!$F$6:$F$60,'Journal de caisse'!$A$6:$A$60,$A19,'Journal de caisse'!$E$6:$E$60,"Ticket restaurant")) | H19: =IF($A19="","",SUMIFS('Journal de caisse'!$F$6:$F$60,'Journal de caisse'!$A$6:$A$60,$A19)) | I19: =IF($A19="","",SUMIFS('Journal de caisse'!$G$6:$G$60,'Journal de caisse'!$A$6:$A$60,$A19,'Journal de caisse'!$E$6:$E$60,"Espèces")) | J19: =IF($A19="","",$C19+$D19-$I19) | L19: =IF(OR($A19="",$K19=""),"",$K19-$J19) | M19: =IF($L19="","",IF($L19=0,"Conforme",IF(ABS($L19)<=Paramètres!$C$6,"Écart toléré","À justifier"))) | P19: =Paramètres!$I$23 -> 0.05 | Q19: 0 | R19: =P19*Q19 -> 0
D20: =IF($A20="","",SUMIFS('Journal de caisse'!$F$6:$F$60,'Journal de caisse'!$A$6:$A$60,$A20,'Journal de caisse'!$E$6:$E$60,"Espèces")) | E20: =IF($A20="","",SUMIFS('Journal de caisse'!$F$6:$F$60,'Journal de caisse'!$A$6:$A$60,$A20,'Journal de caisse'!$E$6:$E$60,"Carte bancaire")) | F20: =IF($A20="","",SUMIFS('Journal de caisse'!$F$6:$F$60,'Journal de caisse'!$A$6:$A$60,$A20,'Journal de caisse'!$E$6:$E$60,"Chèque")) | G20: =IF($A20="","",SUMIFS('Journal de caisse'!$F$6:$F$60,'Journal de caisse'!$A$6:$A$60,$A20,'Journal de caisse'!$E$6:$E$60,"Ticket restaurant")) | H20: =IF($A20="","",SUMIFS('Journal de caisse'!$F$6:$F$60,'Journal de caisse'!$A$6:$A$60,$A20)) | I20: =IF($A20="","",SUMIFS('Journal de caisse'!$G$6:$G$60,'Journal de caisse'!$A$6:$A$60,$A20,'Journal de caisse'!$E$6:$E$60,"Espèces")) | J20: =IF($A20="","",$C20+$D20-$I20) | L20: =IF(OR($A20="",$K20=""),"",$K20-$J20) | M20: =IF($L20="","",IF($L20=0,"Conforme",IF(ABS($L20)<=Paramètres!$C$6,"Écart toléré","À justifier"))) | P20: =Paramètres!$I$24 -> 0.02 | Q20: 0 | R20: =P20*Q20 -> 0
D21: =IF($A21="","",SUMIFS('Journal de caisse'!$F$6:$F$60,'Journal de caisse'!$A$6:$A$60,$A21,'Journal de caisse'!$E$6:$E$60,"Espèces")) | E21: =IF($A21="","",SUMIFS('Journal de caisse'!$F$6:$F$60,'Journal de caisse'!$A$6:$A$60,$A21,'Journal de caisse'!$E$6:$E$60,"Carte bancaire")) | F21: =IF($A21="","",SUMIFS('Journal de caisse'!$F$6:$F$60,'Journal de caisse'!$A$6:$A$60,$A21,'Journal de caisse'!$E$6:$E$60,"Chèque")) | G21: =IF($A21="","",SUMIFS('Journal de caisse'!$F$6:$F$60,'Journal de caisse'!$A$6:$A$60,$A21,'Journal de caisse'!$E$6:$E$60,"Ticket restaurant")) | H21: =IF($A21="","",SUMIFS('Journal de caisse'!$F$6:$F$60,'Journal de caisse'!$A$6:$A$60,$A21)) | I21: =IF($A21="","",SUMIFS('Journal de caisse'!$G$6:$G$60,'Journal de caisse'!$A$6:$A$60,$A21,'Journal de caisse'!$E$6:$E$60,"Espèces")) | J21: =IF($A21="","",$C21+$D21-$I21) | L21: =IF(OR($A21="",$K21=""),"",$K21-$J21) | M21: =IF($L21="","",IF($L21=0,"Conforme",IF(ABS($L21)<=Paramètres!$C$6,"Écart toléré","À justifier"))) | P21: =Paramètres!$I$25 -> 0.01 | Q21: 0 | R21: =P21*Q21 -> 0
D22: =IF($A22="","",SUMIFS('Journal de caisse'!$F$6:$F$60,'Journal de caisse'!$A$6:$A$60,$A22,'Journal de caisse'!$E$6:$E$60,"Espèces")) | E22: =IF($A22="","",SUMIFS('Journal de caisse'!$F$6:$F$60,'Journal de caisse'!$A$6:$A$60,$A22,'Journal de caisse'!$E$6:$E$60,"Carte bancaire")) | F22: =IF($A22="","",SUMIFS('Journal de caisse'!$F$6:$F$60,'Journal de caisse'!$A$6:$A$60,$A22,'Journal de caisse'!$E$6:$E$60,"Chèque")) | G22: =IF($A22="","",SUMIFS('Journal de caisse'!$F$6:$F$60,'Journal de caisse'!$A$6:$A$60,$A22,'Journal de caisse'!$E$6:$E$60,"Ticket restaurant")) | H22: =IF($A22="","",SUMIFS('Journal de caisse'!$F$6:$F$60,'Journal de caisse'!$A$6:$A$60,$A22)) | I22: =IF($A22="","",SUMIFS('Journal de caisse'!$G$6:$G$60,'Journal de caisse'!$A$6:$A$60,$A22,'Journal de caisse'!$E$6:$E$60,"Espèces")) | J22: =IF($A22="","",$C22+$D22-$I22) | L22: =IF(OR($A22="",$K22=""),"",$K22-$J22) | M22: =IF($L22="","",IF($L22=0,"Conforme",IF(ABS($L22)<=Paramètres!$C$6,"Écart toléré","À justifier"))) | P22: Total compté (€) | R22: =SUM(R7:R21) -> 426.8
D23: =IF($A23="","",SUMIFS('Journal de caisse'!$F$6:$F$60,'Journal de caisse'!$A$6:$A$60,$A23,'Journal de caisse'!$E$6:$E$60,"Espèces")) | E23: =IF($A23="","",SUMIFS('Journal de caisse'!$F$6:$F$60,'Journal de caisse'!$A$6:$A$60,$A23,'Journal de caisse'!$E$6:$E$60,"Carte bancaire")) | F23: =IF($A23="","",SUMIFS('Journal de caisse'!$F$6:$F$60,'Journal de caisse'!$A$6:$A$60,$A23,'Journal de caisse'!$E$6:$E$60,"Chèque")) | G23: =IF($A23="","",SUMIFS('Journal de caisse'!$F$6:$F$60,'Journal de caisse'!$A$6:$A$60,$A23,'Journal de caisse'!$E$6:$E$60,"Ticket restaurant")) | H23: =IF($A23="","",SUMIFS('Journal de caisse'!$F$6:$F$60,'Journal de caisse'!$A$6:$A$60,$A23)) | I23: =IF($A23="","",SUMIFS('Journal de caisse'!$G$6:$G$60,'Journal de caisse'!$A$6:$A$60,$A23,'Journal de caisse'!$E$6:$E$60,"Espèces")) | J23: =IF($A23="","",$C23+$D23-$I23) | L23: =IF(OR($A23="",$K23=""),"",$K23-$J23) | M23: =IF($L23="","",IF($L23=0,"Conforme",IF(ABS($L23)<=Paramètres!$C$6,"Écart toléré","À justifier")))
D24: =IF($A24="","",SUMIFS('Journal de caisse'!$F$6:$F$60,'Journal de caisse'!$A$6:$A$60,$A24,'Journal de caisse'!$E$6:$E$60,"Espèces")) | E24: =IF($A24="","",SUMIFS('Journal de caisse'!$F$6:$F$60,'Journal de caisse'!$A$6:$A$60,$A24,'Journal de caisse'!$E$6:$E$60,"Carte bancaire")) | F24: =IF($A24="","",SUMIFS('Journal de caisse'!$F$6:$F$60,'Journal de caisse'!$A$6:$A$60,$A24,'Journal de caisse'!$E$6:$E$60,"Chèque")) | G24: =IF($A24="","",SUMIFS('Journal de caisse'!$F$6:$F$60,'Journal de caisse'!$A$6:$A$60,$A24,'Journal de caisse'!$E$6:$E$60,"Ticket restaurant")) | H24: =IF($A24="","",SUMIFS('Journal de caisse'!$F$6:$F$60,'Journal de caisse'!$A$6:$A$60,$A24)) | I24: =IF($A24="","",SUMIFS('Journal de caisse'!$G$6:$G$60,'Journal de caisse'!$A$6:$A$60,$A24,'Journal de caisse'!$E$6:$E$60,"Espèces")) | J24: =IF($A24="","",$C24+$D24-$I24) | L24: =IF(OR($A24="",$K24=""),"",$K24-$J24) | M24: =IF($L24="","",IF($L24=0,"Conforme",IF(ABS($L24)<=Paramètres!$C$6,"Écart toléré","À justifier"))) | P24: Reportez ce total dans « Espèces comptées » de la journée concernée.
D25: =IF($A25="","",SUMIFS('Journal de caisse'!$F$6:$F$60,'Journal de caisse'!$A$6:$A$60,$A25,'Journal de caisse'!$E$6:$E$60,"Espèces")) | E25: =IF($A25="","",SUMIFS('Journal de caisse'!$F$6:$F$60,'Journal de caisse'!$A$6:$A$60,$A25,'Journal de caisse'!$E$6:$E$60,"Carte bancaire")) | F25: =IF($A25="","",SUMIFS('Journal de caisse'!$F$6:$F$60,'Journal de caisse'!$A$6:$A$60,$A25,'Journal de caisse'!$E$6:$E$60,"Chèque")) | G25: =IF($A25="","",SUMIFS('Journal de caisse'!$F$6:$F$60,'Journal de caisse'!$A$6:$A$60,$A25,'Journal de caisse'!$E$6:$E$60,"Ticket restaurant")) | H25: =IF($A25="","",SUMIFS('Journal de caisse'!$F$6:$F$60,'Journal de caisse'!$A$6:$A$60,$A25)) | I25: =IF($A25="","",SUMIFS('Journal de caisse'!$G$6:$G$60,'Journal de caisse'!$A$6:$A$60,$A25,'Journal de caisse'!$E$6:$E$60,"Espèces")) | J25: =IF($A25="","",$C25+$D25-$I25) | L25: =IF(OR($A25="",$K25=""),"",$K25-$J25) | M25: =IF($L25="","",IF($L25=0,"Conforme",IF(ABS($L25)<=Paramètres!$C$6,"Écart toléré","À justifier")))
D26: =IF($A26="","",SUMIFS('Journal de caisse'!$F$6:$F$60,'Journal de caisse'!$A$6:$A$60,$A26,'Journal de caisse'!$E$6:$E$60,"Espèces")) | E26: =IF($A26="","",SUMIFS('Journal de caisse'!$F$6:$F$60,'Journal de caisse'!$A$6:$A$60,$A26,'Journal de caisse'!$E$6:$E$60,"Carte bancaire")) | F26: =IF($A26="","",SUMIFS('Journal de caisse'!$F$6:$F$60,'Journal de caisse'!$A$6:$A$60,$A26,'Journal de caisse'!$E$6:$E$60,"Chèque")) | G26: =IF($A26="","",SUMIFS('Journal de caisse'!$F$6:$F$60,'Journal de caisse'!$A$6:$A$60,$A26,'Journal de caisse'!$E$6:$E$60,"Ticket restaurant")) | H26: =IF($A26="","",SUMIFS('Journal de caisse'!$F$6:$F$60,'Journal de caisse'!$A$6:$A$60,$A26)) | I26: =IF($A26="","",SUMIFS('Journal de caisse'!$G$6:$G$60,'Journal de caisse'!$A$6:$A$60,$A26,'Journal de caisse'!$E$6:$E$60,"Espèces")) | J26: =IF($A26="","",$C26+$D26-$I26) | L26: =IF(OR($A26="",$K26=""),"",$K26-$J26) | M26: =IF($L26="","",IF($L26=0,"Conforme",IF(ABS($L26)<=Paramètres!$C$6,"Écart toléré","À justifier")))
B27: TOTAL PÉRIODE | D27: =SUM(D7:D26) -> 866.05 | E27: =SUM(E7:E26) -> 586.6 | F27: =SUM(F7:F26) -> 420 | G27: =SUM(G7:G26) -> 45.2 | H27: =SUM(H7:H26) -> 1917.85 | I27: =SUM(I7:I26) -> 118.4 | L27: =SUM(L7:L26) -> 4.5 | N27: =SUM(N7:N26) -> 740

Sheet Tableau de bord
A1: TABLEAU DE BORD — CAISSE
A3: Synthèse de la période — Édition 2027
B5: Journées clôturées | D5: Total des recettes (€) | F5: Total des décaissements (€) | H5: Recette nette (€)
B6: =COUNT('Clôture journalière'!$A$7:$A$26) -> 3 | D6: =SUM('Journal de caisse'!$F$6:$F$60) -> 1917.85 | F6: =SUM('Journal de caisse'!$G$6:$G$60) -> 118.4 | H6: =SUM('Journal de caisse'!$F$6:$F$60)-SUM('Journal de caisse'!$G$6:$G$60) -> 1799.45
B9: Écart cumulé (€) | D9: Journées à justifier | F9: Total remis en banque (€) | H9: Recette moy. / jour (€)
B10: =SUM('Clôture journalière'!$L$7:$L$26) -> 4.5 | D10: =COUNTIF('Clôture journalière'!$M$7:$M$26,"À justifier") -> 1 | F10: =SUM('Clôture journalière'!$N$7:$N$26) -> 740 | H10: =IFERROR(SUM('Clôture journalière'!$H$7:$H$26)/COUNT('Clôture journalière'!$A$7:$A$26),0) -> 639.28333
B14: VENTILATION DES ENCAISSEMENTS PAR MODE
B15: Mode de règlement | C15: Montant (€) | D15: Part
B16: Espèces | C16: =SUMIFS('Journal de caisse'!$F$6:$F$60,'Journal de caisse'!$E$6:$E$60,"Espèces") -> 866.05 | D16: =IFERROR(C16/$C$21,0) -> 0.45157338
B17: Carte bancaire | C17: =SUMIFS('Journal de caisse'!$F$6:$F$60,'Journal de caisse'!$E$6:$E$60,"Carte bancaire") -> 586.6 | D17: =IFERROR(C17/$C$21,0) -> 0.30586334
B18: Chèque | C18: =SUMIFS('Journal de caisse'!$F$6:$F$60,'Journal de caisse'!$E$6:$E$60,"Chèque") -> 420 | D18: =IFERROR(C18/$C$21,0) -> 0.21899523
B19: Ticket restaurant | C19: =SUMIFS('Journal de caisse'!$F$6:$F$60,'Journal de caisse'!$E$6:$E$60,"Ticket restaurant") -> 45.2 | D19: =IFERROR(C19/$C$21,0) -> 0.023568058
B20: Virement | C20: =SUMIFS('Journal de caisse'!$F$6:$F$60,'Journal de caisse'!$E$6:$E$60,"Virement") -> 0 | D20: =IFERROR(C20/$C$21,0) -> 0
B21: TOTAL | C21: =SUM(C16:C20) -> 1917.85 | D21: =IFERROR(C21/C21,0) -> 1
B24: RECETTES PAR JOURNÉE
B25: Date | C25: Total encaissements (€) | D25: Statut
B26: =IF('Clôture journalière'!$A$7="","",'Clôture journalière'!$A$7) -> 46391 | C26: =IF('Clôture journalière'!$A$7="","",'Clôture journalière'!$H$7) -> 585.2 | D26: =IF('Clôture journalière'!$A$7="","",'Clôture journalière'!$M$7) -> Conforme
B27: =IF('Clôture journalière'!$A$8="","",'Clôture journalière'!$A$8) -> 46392 | C27: =IF('Clôture journalière'!$A$8="","",'Clôture journalière'!$H$8) -> 760.65 | D27: =IF('Clôture journalière'!$A$8="","",'Clôture journalière'!$M$8) -> Écart toléré
B28: =IF('Clôture journalière'!$A$9="","",'Clôture journalière'!$A$9) -> 46393 | C28: =IF('Clôture journalière'!$A$9="","",'Clôture journalière'!$H$9) -> 572 | D28: =IF('Clôture journalière'!$A$9="","",'Clôture journalière'!$M$9) -> À justifier
B29: =IF('Clôture journalière'!$A$10="","",'Clôture journalière'!$A$10) | C29: =IF('Clôture journalière'!$A$10="","",'Clôture journalière'!$H$10) | D29: =IF('Clôture journalière'!$A$10="","",'Clôture journalière'!$M$10)
B30: =IF('Clôture journalière'!$A$11="","",'Clôture journalière'!$A$11) | C30: =IF('Clôture journalière'!$A$11="","",'Clôture journalière'!$H$11) | D30: =IF('Clôture journalière'!$A$11="","",'Clôture journalière'!$M$11)
B31: =IF('Clôture journalière'!$A$12="","",'Clôture journalière'!$A$12) | C31: =IF('Clôture journalière'!$A$12="","",'Clôture journalière'!$H$12) | D31: =IF('Clôture journalière'!$A$12="","",'Clôture journalière'!$M$12)
B32: =IF('Clôture journalière'!$A$13="","",'Clôture journalière'!$A$13) | C32: =IF('Clôture journalière'!$A$13="","",'Clôture journalière'!$H$13) | D32: =IF('Clôture journalière'!$A$13="","",'Clôture journalière'!$M$13)
B33: =IF('Clôture journalière'!$A$14="","",'Clôture journalière'!$A$14) | C33: =IF('Clôture journalière'!$A$14="","",'Clôture journalière'!$H$14) | D33: =IF('Clôture journalière'!$A$14="","",'Clôture journalière'!$M$14)
